 Dungeon Crawl Stone Soup version 0.23-a0-577-g2b1de94 (webtiles) character file.

4078 Lanoc the Carver (level 10, -2/88 HPs)
             Began as a Ghoul Chaos Knight on Dec 14, 2018.
             Was a Plaything of Xom.
             Slain by a basilisk (8 damage)
             ... on level 8 of the Dungeon.
             The game lasted 00:25:06 (6399 turns).

Lanoc the Carver (Ghoul Chaos Knight)               Turns: 6399, Time: 00:25:07

Health: -2/88      AC:  5    Str: 20    XL:     10   Next: 25%
Magic:  0/9        EV:  2    Int:  7    God:    Xom [..*...]
Gold:   510        SH:  0    Dex:  8    Spells: 9/9 levels left

rFire    + . .     SeeInvis +   a - +1 falchion (chaos)
rCold    + . .     Gourm    .   (no shield)
rNeg     + + +     Faith    .   b - +2 leather armour
rPois    ∞         Spirit   +   (no helmet)
rElec    .         Reflect  .   h - scarf {Spirit}
rCorr    .         Harm     .   (no gloves)
MR       .....                  (no boots)
Stlth    +.........             A - amulet of regeneration
HPRegen  0.00/turn              D - ring of protection from fire
MPRegen  0.11/turn              d - ring of see invisible

@: petrified, rotting
A: rotting body, claws 1, carnivore, cold resistance 1, negative energy
resistance 3, inhibited regeneration, torment resistance, unbreathing
a: Renounce Religion


You were on level 8 of the Dungeon.
You worshipped Xom.
You were a toy of Xom.
You were not hungry.

You visited 2 branches of the dungeon, and saw 9 of its levels.

You collected 510 gold pieces.

Inventory:

Hand Weapons
 a - a +1 falchion of chaos (weapon)
 t - the +3 trident of Pain and Death {pierce, +Inv rF+ Str-2 Dex-4 Stlth+}
   (You found it on level 4 of the Dungeon)

   It inflicts extra damage upon your enemies.
   It affects your strength (-2).
   It affects your dexterity (-4).
   It protects you from fire.
   It lets you turn invisible.
   It makes you more stealthy.
Missiles
 y - 6 javelins of penetration (quivered)
Armour
 b - a +2 leather armour (worn)
 h - a scarf of spirit shield (worn)
 r - a +0 leather armour of cold resistance
Jewellery
 d - a ring of see invisible (right claw)
 k - an uncursed ring of protection from cold
 m - an uncursed amulet of magic regeneration
 w - a +1 ring of evasion
 A - an amulet of regeneration (around neck)
 D - a ring of protection from fire (left claw)
Wands
 q - a wand of acid (9)
Scrolls
 e - 4 scrolls of amnesia
 i - a scroll of fear
 j - a scroll of enchant armour
 p - a scroll of remove curse
 u - a scroll of summoning
 x - a scroll of acquirement {unknown}
 z - a scroll of holy word {unknown}
 B - a scroll of noise {unknown}
Potions
 l - 2 potions of brilliance
 n - 2 potions of resistance
 o - a potion of magic
 s - 2 potions of curing
Comestibles
 c - 17 rations
 f - a chunk of flesh


   Skills:
 + Level 7.8 Fighting
 * Level 9.0 Long Blades
 + Level 6.1 Armour
 + Level 5.9 Dodging


You had 9 spell levels left.
You didn't know any spells.
Your spell library contained the following spells:

 Spells                   Type           Power        Failure   Level  Hunger
 Magic Dart               Conj           #...         47%         1    ##.....
 Blink                    Tloc           N/A          63%         2    ###....
 Call Imp                 Summ           #.......     63%         2    ###....
 Slow                     Hex            #.......     63%         2    ###....
 Conjure Flame            Conj/Fire      #.......     85%         3    ####...
 Mephitic Cloud           Conj/Pois/Air  #.......     85%         3    ####...


Dungeon Overview and Level Annotations

Branches:
Dungeon (8/15)             Temple (1/1) D:6
   Lair: D:8-11

Altars:
Ashenzari
Cheibriados
Elyvilon
Fedhas
Gozag
Hepliaklqana
Kikubaaqudgha
Makhleb
Nemelex Xobeh
Okawaru
Qazlal
Ru
Sif Muna
Uskayaw
Vehumet
Wu Jian
Xom
Yredelemnul
Zin
The Shining One

Shops:
D:4 *   D:5 ?   D:6 *


Innate Abilities, Weirdness & Mutations

Your body is rotting away.
You thrive on raw meat.
You are immune to poison.
You have sharp fingernails.
You are carnivorous and can eat meat at any time.
Your flesh is cold resistant. (rC+)
You are immune to negative energy. (rN+++)
You do not regenerate when monsters are visible.
You are immune to unholy pain and torment.
You can survive without breathing.


Message History

You resist with some effort.
You have turned to stone.
The basilisk gazes at you. The basilisk bites you!
* * * LOW HITPOINT WARNING * * *
The basilisk bites you!
* * * LOW HITPOINT WARNING * * *
The basilisk bites you.
* * * LOW HITPOINT WARNING * * *
Xom grants you insight.
You detect nothing.
The basilisk bites you!
* * * LOW HITPOINT WARNING * * *
The basilisk gazes at you. You resist with some effort.
The basilisk gazes at you. You resist with some effort. The basilisk bites you!
* * * LOW HITPOINT WARNING * * *
The basilisk bites you!
You die...
Xom titters!

#.##############.# . #.#
#...........# #.#
#.#.#.#####.###### #########
#.####.#.#.#..........# #........
#......#.#.#.###......# #........
#......#.#.....#.#+#### #).......
#(.....#.###.#.#.#.######........
#......#.# #.#.#..............!..
#......#.###.#.#@#.######........
...........#....l....# ########.
#)####.#.#.#.........# #. #.#
#.#.#.#.........# #.
#.####.#.#.#.........# #.
#.#......#.#.........# ##
.........#.#.........#
#.#.##.#.#.##........#
#.#......#.##........#


You could see a basilisk.

Vanquished Creatures
  A two-headed ogre (D:8)
  2 hippogriffs
  3 yaks (D:8)
  Menkaure (D:4)
  Duvessa (D:7)
  A water moccasin (D:6)
  3 ice beasts
  4 sky beasts
  A phantom (D:8)
  2 ogres
  3 centaurs
  2 bullfrogs (D:8)
  A scorpion (D:6)
  Dowan (D:7)
  4 killer bees (D:7)
  3 wights (D:7)
  2 jellies (D:6)
  A hound (D:8)
  5 orc wizards
  An orc priest (D:6)
  A centaur skeleton (D:5)
  3 iguanas
  A bullfrog skeleton (D:7)
  Natasha (twice) (D:2)
  6 worker ants
  A killer bee zombie (D:6)
  A hound zombie (D:5)
  8 adders
  5 gnolls
  4 shadow imps
  An ooze (D:2)
  2 worms
  A dart slug (D:1)
  5 leopard geckos
  17 orcs
  6 giant cockroaches
  2 goblins
  3 hobgoblins
  3 jackals (D:8)
  4 quokkas
  6 bats
  2 frilled lizards
  7 kobolds
  A leopard gecko skeleton (D:5)
  A rat (shapeshifter) (D:6)
  6 rats
141 creatures vanquished.

Vanquished Creatures (collateral kills)
  An ogre (D:3)
  An orc wizard (D:4)
  An orc (D:4)
3 creatures vanquished.

Vanquished Creatures (others)
  An orc wizard (D:6)
1 creature vanquished.

Grand Total: 145 creatures vanquished

Notes
Turn   | Place    | Note
-------+----------+-------------------------------------------
     0 | D:1      | Lanoc the Ghoul Chaos Knight began the quest for the Orb.
     0 | D:1      | Reached XP level 1. HP: 19/19 MP: 0/0
    20 | D:1      | Reached skill level 1 in Dodging
    58 | D:1      | Reached XP level 2. HP: 21/26 MP: 1/1
    78 | D:1      | XOM: harmless Summ miscast
    82 | D:1      | Reached skill level 3 in Long Blades
   246 | D:1      | Reached XP level 3. HP: 30/30 MP: 2/2
   373 | D:2      | Noticed Natasha
   378 | D:2      | Killed Natasha
   378 | D:2      | Reached XP level 4. HP: 24/40 MP: 1/3
   797 | D:2      | Reached XP level 5. HP: 16/45 MP: 4/4
   886 | D:3      | Found a shimmering altar of Xom.
  1070 | D:3      | XOM: enchant monster (bad)
  1155 | D:3      | Noticed an ogre
  1158 | D:3      | XOM: silly message
  1161 | D:3      | HP: 1/46 [ogre/+0 giant spiked club (16)]
  1163 | D:3      | XOM: cleaving
  1177 | D:3      | XOM: 5-stop teleportation journey
  1262 | D:3      | Found a glowing silver altar of Zin.
  1397 | D:2      | Noticed Natasha
  1406 | D:2      | Killed Natasha
  1406 | D:2      | Reached skill level 4 in Long Blades
  1590 | D:3      | XOM: summons 5 friendly demons
  1600 | D:3      | Killed an ogre
  1600 | D:3      | Reached XP level 6. HP: 50/50 MP: 5/5
  1629 | D:3      | Found an ancient bone altar of Kikubaaqudgha.
  1658 | D:4      | XOM: noise
  1745 | D:4      | Found Gatotato's General Store.
  1765 | D:4      | Noticed Menkaure
  1765 | D:4      | XOM: summons 3 hostile demons
  1768 | D:4      | XOM: enchant monster (good)
  1791 | D:4      | XOM: destruction
  1800 | D:4      | Killed Menkaure
  1890 | D:4      | Got a scorched trident
  1892 | D:4      | Identified the +3 trident of Pain and Death {pierce, +Inv
                  | rF+ Str-2 Dex-4 Stlth+} (You found it on level 4 of the
                  | Dungeon)
  1945 | D:4      | Found a burning altar of Makhleb.
  1956 | D:4      | Found a hide-covered altar of Uskayaw.
  1956 | D:4      | Found a deep blue altar of Sif Muna.
  2117 | D:4      | Reached XP level 7. HP: 60/60 MP: 6/6
  2294 | D:4      | XOM: summons 3 hostile demons
  2301 | D:5      | Entered Level 5 of the Dungeon
  2313 | D:5      | XOM: cast spell 'Summon Mana Viper'
  2316 | D:5      | Reached skill level 5 in Long Blades
  2361 | D:5      | XOM: divination: detect creatures
  2410 | D:5      | Found a blossoming altar of Fedhas.
  2551 | D:5      | XOM: confuse monster(s)
  2555 | D:5      | Reached skill level 5 in Fighting
  2592 | D:5      | XOM: divination: magic mapping
  2641 | D:5      | Got an ancient ring mail
  2642 | D:5      | Identified the +1 ring mail of the Dice {*Corrode Int+7}
                  | (You found it on level 5 of the Dungeon)
  2751 | D:5      | XOM: god gift: 6 javelins of penetration
  2861 | D:5      | XOM: fog
  2886 | D:5      | Found Fedam's Magic Scroll Boutique.
  2907 | D:5      | XOM: 9-stop teleportation journey
  2940 | D:5      | XOM: scenery: create altars
  2996 | D:5      | Found a sparkling altar of Nemelex Xobeh.
  3029 | D:5      | XOM: scenery: create altars
  3198 | D:6      | XOM: polymorph hound -> jelly
  3230 | D:6      | Found a staircase to the Ecumenical Temple.
  3237 | Temple   | Entered the Ecumenical Temple
  3250 | Temple   | Reached XP level 8. HP: 16/68 MP: 7/7
  3466 | D:6      | HP: 2/68 [sky beast (2)]
  3508 | D:6      | Reached skill level 6 in Long Blades
  3511 | D:6      | Found Uqihonk's Assorted Antiques.
  3645 | D:6      | Found a glowing golden altar of the Shining One.
  3665 | D:6      | XOM: butterfly on damage
  3666 | D:6      | XOM: divination: detect items
  3678 | D:6      | XOM: god gift: glowing rapier {god gift}
  3683 | D:6      | XOM: divination: detect items
  3976 | D:6      | XOM: summons 4 hostile demons
  4018 | D:6      | XOM: cloud trail
  4283 | D:6      | XOM: harmless Conj miscast
  4448 | D:6      | XOM: cloud trail
  4740 | D:7      | Reached skill level 7 in Long Blades
  4786 | D:7      | Reached XP level 9. HP: 34/73 MP: 6/8
  4883 | D:7      | Reached skill level 5 in Armour
  4970 | D:7      | Found a stormy altar of Qazlal.
  5018 | D:7      | HP: 3/77 [hippogriff (3)]
  5035 | D:7      | XOM: god gift: 18 gold pieces
  5078 | D:7      | Noticed Dowan
  5079 | D:7      | Noticed Duvessa
  5114 | D:7      | Killed Dowan
  5307 | D:7      | XOM: cloud trail
  5388 | D:7      | XOM: enchant monster (bad)
  5391 | D:7      | XOM: harmless Erth miscast
  5397 | D:7      | Reached skill level 5 in Dodging
  5422 | D:7      | Killed Duvessa
  5674 | D:8      | XOM: confuse monster(s)
  5677 | D:8      | Reached skill level 8 in Long Blades
  5683 | D:8      | HP: 1/79 [yak (7)]
  5850 | D:8      | XOM: noise
  5989 | D:8      | XOM: confuse monster(s)
  6085 | D:8      | Reached XP level 10. HP: 46/86 MP: 9/9
  6101 | D:8      | XOM: divination: detect items
  6253 | D:8      | Noticed a two-headed ogre
  6286 | D:8      | Killed a two-headed ogre
  6286 | D:8      | Reached skill level 9 in Long Blades
  6381 | D:8      | XOM: enchant monster (bad)
  6397 | D:8      | XOM: divination: detect items
  6399 | D:8      | Slain by a basilisk

Vault maps used:
D:1:      minmay_arrival_diagonal_passages, minmay_lizard_king
D:2:      first_ration, kennysheep_jessica_study, uniq_natasha
D:3:      zin_academy, old_standard_altar, kiku_gazebo_garden_becter
D:4:      amethyst_overflow_temple_binary, kennysheep_mini, serial_shops,
          shop_fountains, minmay_misc_feat_pillars, uniq_menkaure
D:5:      lemuel_round_altar, serial_shops, shop, minmay_tree_intersection,
          nemelex_spade_bored_becter
D:6:      kennysheep_little_box, minmay_temple_entry_arrows, serial_shops, shop,
          kennysheep_dice
D:7:      grunt_qazlal_clouds, uniq_duvessa
D:8:      erik_lair_dragon
Temple:   hc_temple_tempest_star

Skill      XL: |  1  2  3  4  5  6  7  8  9 10 |
---------------+-------------------------------+-----
Dodging        | 1 2 3 4 5 |  5.9
Long Blades    | 3 4 5 7 8 9 |  9.0
Armour         | 2 3 4 5 6 |  6.1
Fighting       | 4 5 6 7 |  7.8

Action                   |  1- 3 |  4- 6 |  7- 9 | 10-12 || total
-------------------------+-------+-------+-------+-------++-------
Melee: Falchion          |    54 |   190 |   438 |    47 ||   729
  Use: Scroll            |       |     4 |    16 |     1 ||    21
       Potion            |       |       |     8 |       ||     8
 Stab: Petrifying        |     2 |       |       |       ||     2
       Paralysed         |     1 |       |     3 |       ||     4
       Confused          |       |       |     1 |       ||     1
       Invisible         |       |       |     4 |       ||     4
  Eat: Chunk             |     3 |    26 |    55 |     3 ||    87
Armor: Leather armour    |    16 |    74 |    94 |    11 ||   195
Dodge: Dodged            |    37 |   132 |   294 |    26 ||   489
       Rpst.: Falchion   |     8 |    32 |    97 |     1 ||   138

Table legend:
 A = Non-vault XP
 B = Vault XP
 C = Vault XP percentage of total XP
 D = Non-vault monster count
 E = Vault monster count
 F = Vault count percentage of total count
                 A         B        C        D         E       F
            +---------+---------+-------+---------+---------+-------
      Total |    5304 |     523 |   9.0 |     139 |       6 |   4.1
            +---------+---------+-------+---------+---------+-------
        D:1 |      34 |       0 |   0.0 |      11 |       0 |   0.0
        D:2 |     150 |      35 |  18.9 |      21 |       1 |   4.5
        D:3 |     109 |       0 |   0.0 |      19 |       0 |   0.0
        D:4 |     274 |      81 |  22.8 |      15 |       1 |   6.2
        D:5 |     437 |       0 |   0.0 |      14 |       0 |   0.0
        D:6 |     831 |     185 |  18.2 |      19 |       2 |   9.5
        D:7 |    1111 |     222 |  16.7 |      20 |       2 |   9.1
        D:8 |    2313 |       0 |   0.0 |      18 |       0 |   0.0
     Temple |      45 |       0 |   0.0 |       2 |       0 |   0.0
            +---------+---------+-------+---------+---------+-------
